 Dungeon Crawl Stone Soup version 0.22.1-2-g9c5b331383 (webtiles) character file.

138 Ihlosi the Chiller (level 5, 0/29 HPs)
             Began as a Kobold Ice Elementalist on Jan 5, 2019.
             Slain by a gnoll
             ... wielding a +0 flail
              (12 damage)
             ... on level 4 of the Dungeon.
             The game lasted 00:06:44 (2971 turns).

Ihlosi the Chiller (Kobold Ice Elementalist)        Turns: 2971, Time: 00:06:45

Health: 0/29       AC:  3    Str:  5    XL:     5   Next: 45%
Magic:  5/10       EV: 16    Int: 17    God:
Gold:   106        SH:  0    Dex: 16    Spells: 6/11 levels left

rFire    . . .     SeeInvis .   (weapon restricted)
rCold    . . .     Gourm    .   (shield restricted)
rNeg     . . .     Faith    .   a - +1 robe
rPois    .         Spirit   .   (no helmet)
rElec    .         Reflect  .   (no cloak)
rCorr    .         Harm     .   (no gloves)
MR       .....                  (no boots)
Stlth    ++........             (no amulet)
HPRegen  0.09/turn              (no ring)
MPRegen  0.12/turn              (no ring)

@: no status effects
A: small, carnivore
a: no special abilities


You were on level 4 of the Dungeon.
You were very full.

You visited 1 branch of the dungeon, and saw 4 of its levels.

You collected 106 gold pieces.

Inventory:

Armour
 a - a +1 robe (worn)
 b - a scarf of spirit shield
Scrolls
 d - a scroll of magic mapping
 f - a scroll of remove curse {unknown}
Potions
 e - a potion of lignification
 g - 2 potions of might
 i - a potion of cancellation {unknown}
 k - a potion of flight {unknown}
Comestibles
 c - 7 rations


   Skills:
 * Level 1.3 Fighting
 * Level 0.9 Armour
 * Level 3.0 Dodging
 * Level 3.2 Stealth
 * Level 3.5 Spellcasting
 * Level 1.3 Conjurations
 * Level 3.8 Ice Magic


You had 6 spell levels left.
You knew the following spells:

 Your Spells              Type           Power        Failure   Level  Hunger
a - Freeze                Ice            ###.         3%          1    None
b - Throw Icicle          Conj/Ice       ##......     50%         4    ####...

Your spell library contained the following spells:

 Spells                   Type           Power        Failure   Level  Hunger
 Throw Frost              Conj/Ice       ##....       9%          2    ##.....
 Ozocubu's Armour         Chrm/Ice       #.......     22%         3    ###....
 Summon Ice Beast         Ice/Summ       #.......     58%         4    ####...


Dungeon Overview and Level Annotations

Branches:
Dungeon (4/15)
 Temple: D:4-7

Altars:
Nemelex Xobeh

Annotations:
D:3 Unfinished
D:4 exclusion: ogre


Innate Abilities, Weirdness & Mutations

You are small and have problems with some larger weapons.
You are carnivorous and can eat meat at any time.


Message History

You freeze the gnoll.
The gnoll is severely wounded.
The gnoll completely misses you. The gnoll closely misses you.
Casting: Freeze (safe; 3% risk of failure)
Confirm with . or Enter, or press ? or * to list all spells.
Aiming: Freeze (safe; 3% risk of failure)
Press: ? - help, Shift-Dir - straight line, f/p - gnoll
Aim: a gnoll, wielding a flail (severely wounded)
You freeze the gnoll.
The gnoll is severely wounded.
The gnoll hits you from afar with a spear!
Casting: Freeze (safe; 3% risk of failure)
Confirm with . or Enter, or press ? or * to list all spells.
Aiming: Freeze (safe; 3% risk of failure)
Press: ? - help, Shift-Dir - straight line, f/p - gnoll
Aim: a gnoll, wielding a flail (severely wounded)
You freeze the gnoll.
The gnoll is almost dead.
The gnoll hits you with a flail!
You die...

#.#####.. #....O$..
#.# ######### .# #.#
...gg..)# .# #.# #g#
.# #.# #g##.# #.#
#g#.. #######.#
#@#.# ###.......#
###.#.####.....#####
#..........###.#
#..........# #.#
#.#.#.####.###<#
#.#.#.## #.....#####
#.#....####.###.....
#..........#.....##)
#.##...##.#.#.....<.


You could see 3 gnolls.

Vanquished Creatures
  An orc priest (D:3)
  A gnoll (D:4)
  3 adders (D:2)
  2 oozes (D:1)
  3 worms
  2 dart slugs
  4 leopard geckos
  2 orcs (D:4)
  2 ball pythons (D:1)
  2 bats
  A giant cockroach (D:2)
  7 goblins
  2 hobgoblins (D:1)
  2 jackals (D:1)
  4 frilled lizards
  6 kobolds
  8 rats
52 creatures vanquished.

Vanquished Creatures (others)
  8 toadstools (D:4)
8 creatures vanquished.

Grand Total: 60 creatures vanquished

Notes
Turn   | Place    | Note
-------+----------+-------------------------------------------
     0 | D:1      | Ihlosi the Kobold Ice Elementalist began the quest for the
                  | Orb.
     0 | D:1      | Reached XP level 1. HP: 10/10 MP: 3/3
   129 | D:1      | Reached XP level 2. HP: 15/15 MP: 0/5
   481 | D:1      | Reached XP level 3. HP: 10/20 MP: 0/7
  1246 | D:2      | Reached XP level 4. HP: 18/24 MP: 4/8
  1355 | D:2      | Found a sparkling altar of Nemelex Xobeh.
  1358 | D:2      | Reached skill level 1 in Fighting
  1599 | D:1      | Learned a level 4 spell: Throw Icicle
  2694 | D:3      | Noticed a centaur
  2697 | D:3      | Reached XP level 5. HP: 22/29 MP: 4/10
  2911 | D:4      | Noticed an ogre
  2971 | D:4      | Slain by a gnoll

Skill      XL: |  1  2  3  4  5 |
---------------+----------------+-----
Spellcasting   | 3 |  3.5
Fighting       | 1 |  1.3
Stealth        | 3 |  3.2
Dodging        | 3 |  3.0
Armour         | |  0.9
Conjurations   | |  1.3
Ice Magic      | |  3.8

Action                   |  1- 3 |  4- 6 || total
-------------------------+-------+-------++-------
Melee: Unarmed           |    16 |    16 ||    32
 Cast: Freeze            |    48 |    53 ||   101
  Use: Scroll            |       |     7 ||     7
 Stab: Sleeping          |     1 |     1 ||     2
  Eat: Chunk             |     8 |     6 ||    14
Armor: Robe              |     7 |     4 ||    11
Dodge: Dodged            |    38 |    32 ||    70
